TOP OF THE 1ST |
Chicago White Sox batting - Pitching for Minnesota Twins : LHP Mauricio Valdivia
|
Pitching: LHP Mauricio Valdivia
|
|
Batting: SHB Ozzie Smith
|
0-0: Called Strike 0-1: Foul Ball, location: 2F 0-2: Foul Ball, location: 2F 0-2: Ball 1-2: SINGLE (Groundball, 6MD, EV 102.5 MPH)
|
Batting: LHB Mitchell Page
|
0-0: Swinging Strike 0-1: Ball 1-1: Called Strike 1-2: Fielders Choice at 2nd, 4-6 (Groundball, 4, EV 76.3 MPH)
|
Batting: RHB Kevin McReynolds
|
0-0: Ball 1-0: Foul Ball, location: 2F 1-1: Ball 2-1: SINGLE (Flyball, 6D, EV 90.6 MPH) Mitchell Page to second
|
Batting: RHB Tim Teufel
|
0-0: Ball 1-0: Swinging Strike 1-1: Ball 2-1: Foul Ball, location: 2F 2-2: Ball 3-2: Strikes out swinging
|
Batting: RHB Steve Henderson
|
0-0: Swinging Strike 0-1: SINGLE (Groundball, 6S, EV 62.5 MPH) (infield hit) Mitchell Page to third Kevin McReynolds to second
|
Batting: RHB Mike Heath
|
0-0: Called Strike 0-1: Ball 1-1: Called Strike 1-2: Ball 2-2: Foul Ball, location: 2F 2-2: Foul Ball, location: 2F 2-2: Ball 3-2: Strikes out looking
|
Top of the 1st over - 0 runs, 3 hits, 0 errors, 3 left on base; Chicago 0 - Minnesota 0 |
BOTTOM OF THE 1ST |
Minnesota Twins batting - Pitching for Chicago White Sox : LHP John Candelaria
|
Pitching: LHP John Candelaria
|
|
Batting: RHB Lee Lacy
|
0-0: SINGLE (Groundball, 6MD, EV 98.8 MPH)
|
Batting: RHB Steve Brye
|
0-0: Ball 1-0: Ball 2-0: Ball 3-0: Called Strike 3-1: Base on Balls Lee Lacy to second
|
Batting: RHB Tom Brown
|
0-0: Ball 1-0: Called Strike 1-1: Ball 2-1: Ball 3-1: DOUBLE (Line Drive, 3D, EV 104.4 MPH) Lee Lacy scores Steve Brye to third Runner from 3rd tries for Home, SAFE, throw by RF to home
|
Batting: RHB Randy Edwards
|
0-0: Called Strike 0-1: Ball 1-1: Ball 2-1: Fly out, F4 (Flyball, 34D, EV 90.0 MPH)
|
Batting: RHB Chet Lemon
|
0-0: Called Strike 0-1: Swinging Strike 0-2: Foul Ball, location: 2F 0-2: Foul Ball, location: 2F 0-2: Ball 1-2: Ball 2-2: Ground out 5-3 (Groundball, 56, EV 106.9 MPH)
|
Batting: SHB Jerry Mumphrey
|
0-0: Ball 1-0: Reached on error, E4 (Groundball, 4, EV 83.8 MPH) Tom Brown to third
|
Batting: RHB George Foster
|
0-0: Ball 1-0: Called Strike 1-1: Ball 2-1: Swinging Strike 2-2: Strikes out looking
|
Bottom of the 1st over - 2 runs, 2 hits, 1 error, 2 left on base; Chicago 0 - Minnesota 2 |
TOP OF THE 2ND |
Chicago White Sox batting - Pitching for Minnesota Twins : LHP Mauricio Valdivia
|
Batting: SHB Dwayne Taggart
|
0-0: Fly out, F7 (Flyball, 7D, EV 95.6 MPH)
|
Batting: LHB Ryan MacFarland
|
0-0: Swinging Strike 0-1: Called Strike 0-2: Ball 1-2: Strikes out swinging
|
Batting: LHB Steve Christmas
|
0-0: Ground out 3-1 (Groundball, 34, EV 88.1 MPH)
|
Top of the 2nd over - 0 runs, 0 hits, 0 errors, 0 left on base; Chicago 0 - Minnesota 2 |
BOTTOM OF THE 2ND |
Minnesota Twins batting - Pitching for Chicago White Sox : LHP John Candelaria
|
Batting: RHB Brook Jacoby
|
0-0: Swinging Strike 0-1: Ball 1-1: Called Strike 1-2: Ball 2-2: Foul Ball, location: 2F 2-2: Strikes out swinging
|
Batting: LHB Ken Oberkfell
|
0-0: Called Strike 0-1: Ball 1-1: Swinging Strike 1-2: Foul Ball, location: 2F 1-2: Ball 2-2: Foul Ball, location: 2F 2-2: Ground out 5-3 (Groundball, 56S, EV 83.8 MPH)
|
Batting: RHB Lee Lacy
|
0-0: Ball 1-0: Called Strike 1-1: Ball 2-1: Ground out 6-3 (Groundball, 6, EV 88.1 MPH)
|
Bottom of the 2nd over - 0 runs, 0 hits, 0 errors, 0 left on base; Chicago 0 - Minnesota 2 |
TOP OF THE 3RD |
Chicago White Sox batting - Pitching for Minnesota Twins : LHP Mauricio Valdivia
|
Batting: SHB Ozzie Smith
|
0-0: Called Strike 0-1: Foul Ball, location: 2F 0-2: Ground out 5-3 (Groundball, 56S, EV 83.1 MPH)
|
Batting: LHB Mitchell Page
|
0-0: Ball 1-0: Ground out 6-3 (Groundball, 6S, EV 69.4 MPH)
|
Batting: RHB Kevin McReynolds
|
0-0: Foul Ball, location: 2F 0-1: Ball 1-1: Foul Ball, location: 2F 1-2: Foul Ball, location: 2F 1-2: Ball 2-2: Foul Ball, location: 2F 2-2: Ground out U3 (Groundball, 3, EV 83.1 MPH)
|
Top of the 3rd over - 0 runs, 0 hits, 0 errors, 0 left on base; Chicago 0 - Minnesota 2 |
BOTTOM OF THE 3RD |
Minnesota Twins batting - Pitching for Chicago White Sox : LHP John Candelaria
|
Batting: RHB Steve Brye
|
0-0: Ball 1-0: Called Strike 1-1: Called Strike 1-2: Ball 2-2: Ball 3-2: Fly out, F9 (Line Drive, 9, EV 95.0 MPH)
|
Batting: RHB Tom Brown
|
0-0: Ball 1-0: Foul Ball, location: 2F 1-1: Swinging Strike 1-2: Fly out, F7 (Flyball, 7D, EV 86.3 MPH)
|
Batting: RHB Randy Edwards
|
0-0: Ball 1-0: Ball 2-0: Ball 3-0: Called Strike 3-1: Fly out, F4 (Flyball, 34D, EV 86.9 MPH)
|
Bottom of the 3rd over - 0 runs, 0 hits, 0 errors, 0 left on base; Chicago 0 - Minnesota 2 |
TOP OF THE 4TH |
Chicago White Sox batting - Pitching for Minnesota Twins : LHP Mauricio Valdivia
|
Batting: RHB Tim Teufel
|
0-0: Foul Ball, location: 2F 0-1: Ball 1-1: Foul Ball, location: 2F 1-2: Foul Ball, location: 2F 1-2: Ball 2-2: Strikes out swinging
|
Batting: RHB Steve Henderson
|
0-0: Called Strike 0-1: Called Strike 0-2: Ball 1-2: Fly out, F7 (Line Drive, 7, EV 98.8 MPH)
|
Batting: RHB Mike Heath
|
0-0: Ball 1-0: SINGLE (Flyball, 8RS, EV 92.5 MPH)
|
Batting: SHB Dwayne Taggart
|
0-0: Ball Mike Heath steals 2nd base (no throw) 1-0: Called Strike 1-1: Swinging Strike 1-2: Strikes out looking
|
Top of the 4th over - 0 runs, 1 hit, 0 errors, 1 left on base; Chicago 0 - Minnesota 2 |
BOTTOM OF THE 4TH |
Minnesota Twins batting - Pitching for Chicago White Sox : LHP John Candelaria
|
Batting: RHB Chet Lemon
|
0-0: Foul Ball, location: 2F 0-1: Foul Ball, location: 2F 0-2: Ball 1-2: Ball 2-2: Ball 3-2: Base on Balls
|
Batting: SHB Jerry Mumphrey
|
0-0: Ball 1-0: Ball 2-0: Fielders Choice at 2nd, 5-4 (Groundball, 5, EV 80.0 MPH)
|
Batting: RHB George Foster
|
0-0: Called Strike 0-1: Called Strike 0-2: Ball 1-2: Ball 2-2: Foul Ball, location: 2F 2-2: Ball 3-2: Fly out, F4 (Popup, 4, EV 60.6 MPH)
|
Batting: RHB Brook Jacoby
|
0-0: Ball 1-0: Ball 2-0: Ball 3-0: Base on Balls Jerry Mumphrey to second
|
Batting: LHB Ken Oberkfell
|
0-0: Called Strike 0-1: Swinging Strike 0-2: Foul Ball, location: 2F 0-2: Foul Ball, location: 2F 0-2: Foul Ball, location: 2F 0-2: Fly out, F8 (Line Drive, 8RD, EV 101.9 MPH)
|
Bottom of the 4th over - 0 runs, 0 hits, 0 errors, 2 left on base; Chicago 0 - Minnesota 2 |
TOP OF THE 5TH |
Chicago White Sox batting - Pitching for Minnesota Twins : LHP Mauricio Valdivia
|
Batting: LHB Ryan MacFarland
|
0-0: Ball 1-0: Called Strike 1-1: DOUBLE (Flyball, 78XD, EV 109.4 MPH)
|
Batting: LHB Steve Christmas
|
0-0: Ball 1-0: Ball 2-0: Called Strike 2-1: Swinging Strike 2-2: Strikes out swinging
|
Batting: SHB Ozzie Smith
|
0-0: Ball 1-0: Ball 2-0: Ground out 4-3 (Groundball, 34D, EV 106.3 MPH) Ryan MacFarland to third
|
Batting: LHB Mitchell Page
|
0-0: Called Strike 0-1: Fly out, F8 (Flyball, 8RD, EV 91.3 MPH)
|
Top of the 5th over - 0 runs, 1 hit, 0 errors, 1 left on base; Chicago 0 - Minnesota 2 |
BOTTOM OF THE 5TH |
Minnesota Twins batting - Pitching for Chicago White Sox : LHP John Candelaria
|
Batting: RHB Lee Lacy
|
0-0: Called Strike 0-1: Ball 1-1: Called Strike 1-2: Strikes out swinging
|
Batting: RHB Steve Brye
|
0-0: Called Strike 0-1: Foul Ball, location: 2F 0-2: Strikes out swinging
|
Batting: RHB Tom Brown
|
0-0: Called Strike 0-1: Ball 1-1: Fly out, F8 (Line Drive, 8RM, EV 93.1 MPH)
|
Bottom of the 5th over - 0 runs, 0 hits, 0 errors, 0 left on base; Chicago 0 - Minnesota 2 |
TOP OF THE 6TH |
Chicago White Sox batting - Pitching for Minnesota Twins : LHP Mauricio Valdivia
|
Batting: RHB Kevin McReynolds
|
0-0: Ball 1-0: Fly out, F9 (Flyball, 9D, EV 103.8 MPH)
|
Batting: RHB Tim Teufel
|
0-0: Called Strike 0-1: Ball 1-1: Called Strike 1-2: Strikes out looking
|
Batting: RHB Steve Henderson
|
0-0: SOLO HOME RUN (Flyball, 78XD, EV 96.9 MPH), Distance : 453 ft
|
Batting: RHB Mike Heath
|
0-0: Ground out 6-3 (Groundball, 6, EV 91.9 MPH)
|
Top of the 6th over - 1 run, 1 hit, 0 errors, 0 left on base; Chicago 1 - Minnesota 2 |
BOTTOM OF THE 6TH |
Minnesota Twins batting - Pitching for Chicago White Sox : LHP John Candelaria
|
Pitching: RHP Dave A Campbell
|
|
Batting: RHB Randy Edwards
|
0-0: SINGLE (Line Drive, 56D, EV 98.1 MPH)
|
Pinch Runner at 1st Tony Bernazard:
|
|
Batting: RHB Chet Lemon
|
0-0: Ball Tony Bernazard steals 2nd base 1-0: Called Strike 1-1: Ball 2-1: Foul Ball, location: 2F 2-2: Ball 3-2: DOUBLE (Line Drive, 5D, EV 95.6 MPH) Tony Bernazard scores
|
Batting: SHB Jerry Mumphrey
|
0-0: Ball 1-0: Foul Ball, location: 2F 1-1: Ground out 6-3 (Groundball, 6, EV 92.5 MPH) Chet Lemon to third
|
Batting: RHB George Foster
|
0-0: Ground out 5-3 (Groundball, 56S, EV 90.0 MPH) Chet Lemon scores
|
Batting: RHB Brook Jacoby
|
0-0: Ball 1-0: SOLO HOME RUN (Flyball, 7D, EV 94.4 MPH), Distance : 384 ft
|
Pitching: LHP Gary Christophel
|
|
Batting: LHB Ken Oberkfell
|
0-0: Called Strike 0-1: Ball 1-1: Ball 2-1: Foul Ball, location: 2F 2-2: Ball 3-2: Base on Balls
|
Batting: RHB Lee Lacy
|
0-0: Called Strike 0-1: Fly out, F9 (Flyball, 9S, EV 96.9 MPH)
|
Bottom of the 6th over - 3 runs, 3 hits, 0 errors, 1 left on base; Chicago 1 - Minnesota 5 |
TOP OF THE 7TH |
Chicago White Sox batting - Pitching for Minnesota Twins : LHP Mauricio Valdivia
|
Batting: SHB Dwayne Taggart
|
0-0: Ball 1-0: Swinging Strike 1-1: SINGLE (Groundball, 6MD, EV 103.8 MPH)
|
Batting: LHB Ryan MacFarland
|
0-0: Ball 1-0: Foul Ball, location: 2F 1-1: Ball 2-1: Foul Ball, location: 2F 2-2: Ball 3-2: Ground out 4-3 (Groundball, 4, EV 86.9 MPH) Dwayne Taggart to second
|
Batting: LHB Steve Christmas
|
0-0: Foul Ball, location: 2F 0-1: Fly out, F4 (Popup, 34, EV 59.4 MPH)
|
Batting: SHB Ozzie Smith
|
0-0: Ball 1-0: Swinging Strike 1-1: Ground out 5-3 (Groundball, 56S, EV 70.0 MPH)
|
Top of the 7th over - 0 runs, 1 hit, 0 errors, 1 left on base; Chicago 1 - Minnesota 5 |
BOTTOM OF THE 7TH |
Minnesota Twins batting - Pitching for Chicago White Sox : LHP Gary Christophel
|
Batting: RHB Steve Brye
|
0-0: Foul Ball, location: 2F 0-1: Ball 1-1: Ball 2-1: Foul Ball, location: 2F 2-2: Ground out 6-3 (Groundball, 6M, EV 101.3 MPH)
|
Batting: RHB Tom Brown
|
0-0: DOUBLE (Line Drive, 7LM, EV 110.0 MPH)
|
Batting: SHB Tony Bernazard
|
0-0: Called Strike 0-1: Foul Ball, location: 2F 0-2: Ball 1-2: SINGLE (Groundball, 4D, EV 99.4 MPH) Tom Brown to third Throwing error, E8 Tom Brown scores Tony Bernazard to second
|
Batting: RHB Chet Lemon
|
0-0: Ball Passed Ball! Tony Bernazard to third 1-0: Swinging Strike 1-1: Ball 2-1: Ground out 5-3 (Groundball, 56S, EV 74.4 MPH) Tony Bernazard scores
|
Batting: SHB Jerry Mumphrey
|
0-0: Ball 1-0: Called Strike 1-1: Swinging Strike 1-2: Ball 2-2: Ball 3-2: Foul Ball, location: 2F 3-2: Base on Balls
|
Batting: RHB George Foster
|
0-0: Called Strike 0-1: Ball 1-1: SINGLE (Flyball, 4D, EV 90.6 MPH) Jerry Mumphrey to second Runner from 2nd tries for 3rd, OUT! 9-5
|
Bottom of the 7th over - 2 runs, 3 hits, 1 error, 1 left on base; Chicago 1 - Minnesota 7 |
TOP OF THE 8TH |
Chicago White Sox batting - Pitching for Minnesota Twins : LHP Mauricio Valdivia
|
Batting: LHB Mitchell Page
|
0-0: Ball 1-0: Ball 2-0: Foul Ball, location: 2F 2-1: Foul Ball, location: 2F 2-2: Ball 3-2: Ground out U3 (Groundball, 34S, EV 63.1 MPH)
|
Pitching: RHP John Martin
|
|
Batting: RHB Kevin McReynolds
|
0-0: Ball 1-0: Ground out 4-3 (Groundball, 4, EV 79.4 MPH)
|
Batting: RHB Tim Teufel
|
0-0: Ball 1-0: Foul Ball, location: 2F 1-1: Called Strike 1-2: Ball 2-2: Foul Ball, location: 2F 2-2: Foul Ball, location: 2F 2-2: Strikes out swinging
|
Top of the 8th over - 0 runs, 0 hits, 0 errors, 0 left on base; Chicago 1 - Minnesota 7 |
BOTTOM OF THE 8TH |
Minnesota Twins batting - Pitching for Chicago White Sox : LHP Gary Christophel
|
Pitching: RHP Bruce Kison
|
|
Batting: RHB Brook Jacoby
|
0-0: Ball 1-0: Called Strike 1-1: Ball 2-1: Ball 3-1: Foul Ball, location: 2F 3-2: Fly out, F7 (Flyball, 7LM, EV 74.4 MPH)
|
Batting: LHB Ken Oberkfell
|
0-0: Fly out, F8 (Line Drive, 8RD, EV 85.6 MPH)
|
Batting: RHB Lee Lacy
|
0-0: Ball 1-0: SINGLE (Groundball, 6D, EV 98.1 MPH)
|
Batting: RHB Steve Brye
|
0-0: Reached on error, E5 (Groundball, 5, EV 102.5 MPH) Lee Lacy to second
|
Batting: RHB Tom Brown
|
0-0: DOUBLE (Line Drive, 7LM, EV 106.3 MPH) Lee Lacy scores Steve Brye to third Runner from 3rd tries for Home, SAFE, throw by LF to trailing runner, OUT at third! 7-6-5
|
Bottom of the 8th over - 2 runs, 2 hits, 1 error, 0 left on base; Chicago 1 - Minnesota 9 |
TOP OF THE 9TH |
Chicago White Sox batting - Pitching for Minnesota Twins : RHP John Martin
|
Pinch Hitting: RHB Mike A Marshall
|
0-0: Fly out, F8 (Flyball, 78D, EV 88.1 MPH)
|
Pinch Hitting: SHB Wayne Tolleson
|
0-0: Fly out, F8 (Flyball, 8LM, EV 88.1 MPH)
|
Pinch Hitting: RHB Brian Harper
|
0-0: Called Strike 0-1: Swinging Strike 0-2: Ball 1-2: Strikes out swinging
|
Top of the 9th over - 0 runs, 0 hits, 0 errors, 0 left on base; Chicago 1 - Minnesota 9 |
|